 Dungeon Crawl Stone Soup version 0.19.0-24-gb05acd6 (webtiles) character file.

144954 Ijustatesigmund the Severer (level 16, -17/152 HPs)
             Began as a Minotaur Monk on Nov 21, 2016.
             Was the Champion of Okawaru.
             Killed from afar by Nikola (27 damage)
             ... with a chain lightning
             ... on level 3 of the Swamp on Nov 22, 2016.
             The game lasted 01:34:22 (25586 turns).

Ijustatesigmund the Severer (Minotaur Monk)        Turns: 25586, Time: 01:34:23

Health: -17/152    AC: 19    Str: 27    XL:     16   Next: 86%
Magic:  24/24      EV: 21    Int: 14    God:    Okawaru [******]
Gold:   1144       SH:  0    Dex: 20    Spells: 1 memorised, 13 levels left

rFire  + . .     SeeInvis .     B - +9 executioner's axe "Balu" {protect, rN+ Int+7 Dex+3 Stlth-}
rCold  . . .     Gourm    .     J - +3 ring mail of the Hundredfold Souls {*Drain +Inv rN+++ Str+8}
rNeg   + + +     Faith    .     (shield currently unavailable)
rPois  +         Spirit   .     a - +0 hat
rElec  .         Reflect  .     U - +2 cloak {MR+}
rCorr  .         Harm     .     j - +0 pair of gloves
MR     ++...     Clarity  +     D - +2 pair of boots {Stlth+}
Stlth  +++.......               (no amulet)
                                h - ring of poison resistance
                                l - ring of protection from fire

@: no status effects
A: retaliatory headbutt, horns 2, talons 1, camouflage 1, clarity
a: Heroism, Finesse, Renounce Religion, Evoke Invisibility


You were on level 3 of the Swamp.
You worshipped Okawaru.
Okawaru was exalted by your worship.
You were not hungry.

You visited 6 branches of the dungeon, and saw 28 of its levels.
You also visited: Sewer and Volcano.

You collected 2708 gold pieces.
You spent 1564 gold pieces at shops.

Inventory:

Hand Weapons
 B - the +9 executioner's axe "Balu" (weapon) {protect, rN+ Int+7 Dex+3 Stlth-}
   (Okawaru gifted it to you on level 1 of the Spider Nest)

   It protects the one who uses it against injury (+AC on strike).
   It affects your intelligence (+7).
   It affects your dexterity (+3).
   It protects you from negative energy.
   It makes you less stealthy.
 F - a +3 war axe of flaming
 R - a +3 vampiric broad axe
Missiles
 A - a throwing net (quivered)
Armour
 a - a +0 hat (worn)
 j - a +0 pair of gloves (worn)
 u - a +1 chain mail of poison resistance
 D - a +2 pair of boots of stealth (worn)
 I - the +2 robe of Vines {NoDeviceHeal Regen+7}
   (Okawaru gifted it to you on level 10 of the Dungeon)

   It increases your rate of regeneration.
 J - the +3 ring mail of the Hundredfold Souls (worn) {*Drain +Inv rN+++ Str+8}
   (You bought it in a shop on level 15 of the Dungeon)

   It affects your strength (+8).
   It renders you almost immune to negative energy.
   It lets you turn invisible.
   It causes draining when unequipped.
 K - a +2 cloak of fire resistance
 O - a +3 shield of protection
 U - a +2 cloak of magic resistance (worn)
Jewellery
 h - a ring of poison resistance (right hand)
 l - a ring of protection from fire (left hand)
 m - an uncursed ring of protection from fire
 P - an uncursed ring of wizardry
Wands
 f - a wand of digging (9/24)
 g - a wand of iceblast (1/15)
 o - a wand of polymorph (7/24)
 p - a wand of polymorph (5/24)
 r - a wand of acid (10/15)
 T - a wand of iceblast (3/15)
 V - a wand of iceblast (6/15)
 W - a wand of iceblast (5/15)
Scrolls
 d - a scroll of amnesia {unknown}
 q - 10 scrolls of remove curse
 s - 2 scrolls of teleportation
 t - 2 scrolls of fear
 v - 5 scrolls of fog
 y - 4 scrolls of immolation
 C - a scroll of blinking
 N - a scroll of magic mapping
 S - 4 scrolls of recharging
 Z - a scroll of enchant armour
Potions
 b - 4 potions of mutation
 e - a potion of cure mutation
 k - 3 potions of curing
 n - 7 potions of lignification
 w - 3 potions of might
 x - 5 potions of agility
 E - a potion of invisibility
 G - 2 potions of resistance
 H - a potion of brilliance
 M - 2 potions of heal wounds
 Q - a potion of flight
Miscellaneous
 X - a phantom mirror
Comestibles
 c - 12 bread rations
 i - 6 meat rations
 z - 26 fruits


   Skills:
 - Level 16.5 Fighting
 + Level 17.9 Axes
 + Level 11.2 Armour
 - Level 11.6 Dodging
 - Level 1.6 Stealth
 - Level 12.4 Shields
 - Level 6.4 Translocations
 - Level 12.4 Invocations


You had 13 spell levels left.
You knew the following spells:

 Your Spells              Type           Power        Failure   Level  Hunger
a - Blink                 Tloc           N/A          6%          2    ###....


Dungeon Overview and Level Annotations

Branches:
Dungeon (15/15)            Temple (1/1) D:4            Lair (6/6) D:11
  Swamp (3/4) Lair:4       Spider (1/4) Lair:3        Slime (0/5) Lair:5
    Orc (2/2) D:10            Elf (0/3) Orc:2        Vaults (0/5) D:14
 Depths (0/5) D:15

Altars:
Ashenzari
Cheibriados
Dithmenos
Elyvilon
Fedhas
Gozag
Hepliaklqana
Kikubaaqudgha
Makhleb
Nemelex Xobeh
Okawaru
Qazlal
Ru
Sif Muna
Trog
Uskayaw
Vehumet
Xom
Yredelemnul
Zin
The Shining One
Beogh

Shops:
D:8 ?   D:15 [   Orc:2 (:*[(

Annotations:
D:14 exclusion: Roxanne, Roxanne
Swamp:3 Nikola


Innate Abilities, Weirdness & Mutations

You reflexively headbutt those who attack you in melee.
You have a pair of horns on your head.
You have sharp toenails.
Your skin changes colour to match your surroundings (Stealth+).
You possess an exceptional clarity of mind.


Message History

Unknown command.
You slice Nikola like a ripe choko!!!
Nikola is moderately wounded.
Nikola mumbles some strange words.
Nikola blinks!
You enter the shallow water.
Moving in this stuff is going to be slow.
Nikola casts a spell.
You hear a mighty clap of thunder!
The lightning arc hits you!
The lightning arc hits Nikola.
The lightning arc hits you!
* * * LOW HITPOINT WARNING * * *
The lightning arc grounds out.
You hear an angry buzzing noise. x2; You hear a roar!
You hear a loud, deep croak!
You hear an angry buzzing noise. x2
There is a stone staircase leading up here.
Nikola casts a spell.
You hear a mighty clap of thunder!
The lightning arc hits you!
You die...

♣♣♣♣♣≈♣♣♣♣♣♣♣♣♣♣
♣♣...≈≈♣≈≈≈.♣≈≈♣.≈≈♣≈♣
..≈≈≈≈.♣.≈≈≈..♣♣≈≈.≈.♣
>≈≈≈≈≈..≈≈≈.≈♣♣♣..♣≈♣
<.≈≈≈≈≈.....♣♣♣.§≈≈≈♣
.≈≈≈≈≈≈≈.♣♣♣♣ ♣.≈≈≈♣
≈≈≈≈≈≈≈≈.♣ ♣♣≈≈≈≈♣
.≈≈≈≈.≈≈.♣ ♣≈[..♣
.≈≈≈...≈.♣ ♣♣♣..@.♣
.≈≈...§≈.♣♣♣≈.≈≈≈♣♣
............≈≈≈≈≈♣♣♣♣
.....♣♣♣...≈≈≈≈≈....♣♣
≈≈.≈♣♣ ♣♣♣.≈≈≈≈..§≈<.♣
≈≈.♣♣ ♣♣....@.♣♣≈♣♣
≈≈♣♣ ♣...≈......≈≈ ♣♣♣
♣.....≈≈≈≈≈≈≈♣ ♣
..≈≈.≈≈≈≈≈≈♣♣♣


You could see Nikola.

Vanquished Creatures
  Rupert (D:15)
  Frances (Swamp:1)
  Kirke (Lair:6)
  A storm dragon (D:14)
  A thorn hunter (Swamp:1)
  A stone giant (D:14)
  An entropy weaver (Spider:1)
  A fire dragon (D:15)
  2 ogre magi
  A fire dragon (shapeshifter) (D:14)
  The ghost of jazmu the Cleaver, a journeyman TeBe of Trog (Lair:5)
  Josephine (D:13)
  An ice dragon (Lair:6)
  A ghost crab (Swamp:2)
  12 hydras
  4 centaur warriors
  A catoblepas (D:14)
  8 alligators
  3 orc high priests (Orc:2)
  15 death yaks
  A hell knight (Volcano)
  Sonja (D:14)
  A skeletal warrior (D:14)
  A fire crab (shapeshifter) (D:15)
  A spriggan druid (Swamp:2)
  The ghost of Mesmaeker13 the Ducker, a novice DsSk of Ashenzari (D:6)
  2 shambling mangroves
  An unseen horror (D:13)
  A glowing orange brain (D:15)
  6 hill giants
  2 lindwurms
  2 swamp dragons
  A hill giant (shapeshifter) (D:15)
  2 orb spiders (Spider:1)
  Pikel (D:5)
  4 orc knights
  2 deep elf magi
  7 wolf spiders (Spider:1)
  8 cyclopes
  5 orc sorcerers
  5 ugly things
  A moth of wrath (Spider:1)
  A manticore (D:15)
  A salamander (shapeshifter) (D:15)
  21 elephants
  A centaur zombie (D:15)
  2 gargoyles
  2 black mambas
  12 spiny frogs
  8 torpor snails
  3 rime drakes
  7 komodo dragons
  A kobold demonologist (D:13)
  3 demonic crawlers (Spider:1)
  4 yaktaurs (D:14)
  2 tengu conjurers
  11 jumping spiders (Spider:1)
  12 hornets
  8 tyrant leeches
  4 trolls
  2 bog bodies
  A slime creature (shapeshifter) (D:14)
  8 two-headed ogres
  23 blink frogs
  15 slime creatures
  13 hippogriffs
  20 redbacks
  3 shadows
  A tarantella (shapeshifter) (D:15)
  A vampire (D:15)
  2 spriggans (Swamp:2)
  A human (shapeshifter) (D:15)
  4 wraiths
  4 hogs (Lair:6)
  11 tarantellas (Spider:1)
  5 wyverns
  35 yaks
  4 hungry ghosts
  4 basilisks
  20 vampire mosquitoes
  Menkaure (D:4)
  A warg (Orc:2)
  Edmund (D:5)
  4 swamp worms (Swamp:1)
  13 insubstantial wisps (Swamp:1)
  Duvessa (D:5)
  19 water moccasins
  8 porcupines
  A black bear (D:7)
  2 swamp drakes
  A hornet zombie (D:8)
  2 sky beasts
  2 ice beasts
  A black bear (shapeshifter) (D:15)
  29 orc warriors
  3 phantoms
  An eye of draining (D:15)
  9 ogres
  13 centaurs
  18 wolves
  18 crocodiles
  Blork the orc (D:4)
  3 big kobolds
  11 bullfrogs
  3 gnoll sergeants
  2 wyvern skeletons
  5 scorpions
  Dowan (D:5)
  12 wights
  9 killer bees
  2 electric eels (Lair:5)
  7 howler monkeys
  4 crimson imps
  3 jellies
  3 quasits
  2 bullfrog skeletons
  13 hounds
  22 orc priests
  8 centaur skeletons
  A gnoll shaman (D:4)
  23 orc wizards
  An iron imp (D:9)
  Natasha (D:2)
  9 iguanas
  8 worker ants
  A hound zombie (D:11)
  A hound skeleton (D:11)
  9 adders
  23 gnolls
  4 shadow imps
  2 adder skeletons
  5 worms
  5 leopard geckos
  74 orcs
  8 bats
  9 giant cockroaches
  6 goblins
  10 hobgoblins
  11 jackals
  21 kobolds
  4 quokkas
  7 ball pythons
  8 frilled lizards
  2 jackal skeletons
  A jackal zombie (D:8)
  9 rats
  4 briar patches (Swamp:1)
  A butterfly (Lair:6)
  2 fungi
  5 plants
928 creatures vanquished.

Vanquished Creatures (others)
  An orc warlord (Orc:2)
  A wizard (D:6)
  A swamp worm (Swamp:3)
  A wight (D:12)
  An orc wizard (D:7)
  A bush (D:5)
  7 fungi (Lair:6)
  15 plants
28 creatures vanquished.

Grand Total: 956 creatures vanquished

Notes
Turn   | Place    | Note
-------+----------+-------------------------------------------
     0 | D:1      | Ijustatesigmund the Minotaur Monk began the quest for the Orb.
     0 | D:1      | Reached XP level 1. HP: 19/19 MP: 0/0
    95 | D:1      | Reached XP level 2. HP: 24/27 MP: 1/1
    96 | D:1      | Reached skill level 1 in Armour
   192 | D:1      | Reached skill level 4 in Axes
   516 | D:2      | Reached XP level 3. HP: 33/33 MP: 2/2
   945 | D:2      | Noticed Natasha
   951 | D:2      | Killed Natasha
   951 | D:2      | Reached XP level 4. HP: 35/41 MP: 3/3
  1206 | D:2      | Found a blossoming altar of Fedhas.
  1752 | D:4      | Reached skill level 5 in Axes
  1752 | D:4      | Reached XP level 5. HP: 39/47 MP: 4/4
  1922 | D:4      | Reached skill level 5 in Fighting
  2100 | D:4      | Noticed Menkaure
  2101 | D:4      | Noticed a phantom
  2108 | D:4      | Killed Menkaure
  2108 | D:4      | Reached XP level 6. HP: 32/57 MP: 5/5
  2129 | D:4      | Reached skill level 6 in Axes
  2176 | D:4      | Found a radiant altar of Vehumet.
  2222 | D:4      | Found a glowing drain.
  2227 | Sewer    | Entered a sewer
  2767 | Sewer    | Gained mutation: You have sharp toenails. [potion of beneficial mutation]
  2974 | D:4      | Found a hide-covered altar of Uskayaw.
  2977 | D:4      | Noticed Blork the orc
  2989 | D:4      | Killed Blork the orc
  2989 | D:4      | Reached skill level 1 in Shields
  2989 | D:4      | Reached XP level 7. HP: 54/63 MP: 6/6
  3219 | D:4      | Found a staircase to the Ecumenical Temple.
  3230 | Temple   | Entered the Ecumenical Temple
  3457 | Temple   | Became a worshipper of Warmaster Okawaru
  3457 | Temple   | Reached * piety under Okawaru
  3457 | Temple   | Reached ** piety under Okawaru
  3546 | D:5      | Entered Level 5 of the Dungeon
  3590 | D:5      | Found a shimmering altar of Xom.
  3626 | D:5      | Reached skill level 1 in Invocations
  3680 | D:5      | Noticed Pikel
  3684 | D:5      | Noticed Edmund
  3697 | D:5      | Killed Pikel
  3697 | D:5      | Reached skill level 7 in Axes
  3697 | D:5      | Reached XP level 8. HP: 64/73 MP: 6/9
  3702 | D:5      | Noticed Dowan
  3706 | D:5      | Killed Edmund
  3706 | D:5      | Reached *** piety under Okawaru
  3711 | D:5      | Killed Dowan
  3713 | D:5      | Noticed Duvessa
  3725 | D:5      | Killed Duvessa
  3912 | D:5      | Reached skill level 8 in Axes
  4573 | D:6      | Gained mutation: Your skin changes colour to match your surroundings (Stealth+). [potion of beneficial mutation]
  4863 | D:6      | Reached **** piety under Okawaru
  4987 | D:6      | Reached XP level 9. HP: 75/82 MP: 11/11
  4989 | D:6      | Reached skill level 9 in Axes
  5262 | D:6      | Noticed Mesmaeker13's ghost (novice DsSk)
  5285 | D:6      | Killed Mesmaeker13's ghost
  5285 | D:6      | Reached skill level 5 in Invocations
  5303 | D:6      | Found a bloodstained altar of Trog.
  5304 | D:6      | Noticed a wizard
  5309 | D:6      | Killed a wizard
  5746 | D:7      | Found a white marble altar of Elyvilon.
  5827 | D:7      | Reached skill level 10 in Fighting
  5827 | D:7      | Reached skill level 10 in Axes
  6265 | D:7      | Found a basalt altar of Yredelemnul.
  6270 | D:7      | Found a glowing golden altar of the Shining One.
  6272 | D:7      | Noticed an angel
  6517 | D:8      | Reached XP level 10. HP: 45/94 MP: 14/14
  7471 | D:8      | Found Ichogokh's Magic Scroll Boutique.
  7478 | D:8      | Reached ***** piety under Okawaru
  7484 | D:8      | Bought a scroll of identify for 26 gold pieces
  7484 | D:8      | Bought a scroll of identify for 26 gold pieces
  7484 | D:8      | Bought a scroll of identify for 26 gold pieces
  7708 | D:8      | Identified a scroll of acquirement
  7755 | D:9      | Reached skill level 5 in Armour
  8125 | D:9      | Reached skill level 5 in Shields
  8330 | D:9      | Found an opulent altar of Gozag.
  8699 | D:9      | Reached skill level 5 in Dodging
  8771 | D:9      | Found a snail-covered altar of Cheibriados.
  8786 | D:9      | Found a deep blue altar of Sif Muna.
  9000 | D:10     | Entered Level 10 of the Dungeon
  9250 | D:10     | Noticed a gargoyle
  9263 | D:10     | Killed a gargoyle
  9263 | D:10     | Reached XP level 11. HP: 59/101 MP: 16/16
  9308 | D:10     | Received a gift from Okawaru
  9525 | D:10     | Found a staircase to the Orcish Mines.
  9667 | D:10     | Reached skill level 11 in Axes
  9797 | D:11     | Noticed a hill giant
  9807 | D:11     | Killed a hill giant
 10098 | D:11     | Found a white marble altar of Elyvilon.
 10155 | D:11     | Found a staircase to the Lair.
 10345 | Lair:1   | Entered Level 1 of the Lair of Beasts
 10473 | Lair:1   | Noticed an eight-headed hydra
 10485 | Lair:1   | Killed a four-headed hydra
 10516 | Lair:1   | Reached skill level 12 in Axes
 10880 | Lair:2   | Noticed a death yak
 10881 | Lair:2   | Noticed a death yak
 10882 | Lair:2   | Noticed a death yak
 10884 | Lair:2   | Noticed a death yak
 10885 | Lair:2   | Noticed a death yak
 10885 | Lair:2   | Noticed a death yak
 10970 | Lair:2   | Received a gift from Okawaru
 11046 | Lair:2   | Noticed a six-headed hydra
 11053 | Lair:2   | Killed a two-headed hydra
 11053 | Lair:2   | Reached XP level 12. HP: 60/113 MP: 14/17
 11309 | D:12     | Reached skill level 10 in Shields
 11581 | D:12     | Reached ****** piety under Okawaru
 11679 | D:12     | Reached skill level 13 in Axes
 11913 | D:13     | Noticed Josephine
 11941 | D:13     | Killed Josephine
 12074 | D:13     | Received a gift from Okawaru
 12107 | D:13     | Noticed a centaur warrior
 12120 | D:13     | Killed a centaur warrior
 12120 | D:13     | Reached skill level 14 in Axes
 12305 | D:13     | Noticed a centaur warrior
 12313 | D:13     | Killed a centaur warrior
 12361 | D:13     | Noticed a centaur warrior
 12404 | D:13     | Received a gift from Okawaru
 12697 | D:14     | Reached XP level 13. HP: 125/125 MP: 18/18
 13136 | D:14     | Reached skill level 15 in Axes
 13188 | D:14     | Reached skill level 15 in Fighting
 13223 | D:14     | Received a gift from Okawaru
 13230 | D:14     | Noticed a storm dragon
 13261 | D:14     | Killed a storm dragon
 13321 | D:14     | Found a gate to the Vaults.
 13367 | D:14     | Noticed Roxanne
 13588 | D:14     | Reached skill level 16 in Axes
 13614 | D:14     | Noticed Sonja
 13634 | D:14     | Killed Sonja
 13659 | D:14     | Noticed a stone giant
 13683 | D:14     | Killed a stone giant
 13850 | D:14     | Noticed a fire dragon
 13871 | D:14     | Killed a fire dragon
 14250 | Orc:1    | Entered Level 1 of the Orcish Mines
 14371 | Orc:1    | Found a roughly hewn altar of Beogh.
 14641 | Orc:2    | Entered Level 2 of the Orcish Mines
 14660 | Orc:2    | Found a staircase to the Elven Halls.
 14821 | Orc:2    | Noticed an orc warlord
 14841 | Orc:2    | Received a gift from Okawaru
 14841 | Orc:2    | Reached XP level 14. HP: 138/138 MP: 19/19
 14850 | Orc:2    | Killed an orc warlord
 15276 | Orc:2    | Found Seas's Antique Weapon Shop.
 15283 | Orc:2    | Bought a crude war axe for 280 gold pieces
 15283 | Orc:2    | Identified the cursed +1 war axe of Jint {venom, rF- Str+2 Int+3 SInv} (You bought it in a shop on level 2 of the Orcish Mines)
 15286 | Orc:2    | Bought a fine battleaxe for 379 gold pieces
 15286 | Orc:2    | Identified the +8 battleaxe "Catehoif" {venom, +Fly rF+} (You bought it in a shop on level 2 of the Orcish Mines)
 15562 | Orc:2    | Found Fetiaph's Antique Armour Shop.
 15563 | Orc:2    | Found Vablao's Antique Weapon Shop.
 15564 | Orc:2    | Found Vaymuaxt's General Store.
 15564 | Orc:2    | Found Gufar's Book Boutique.
 15598 | Orc:2    | Bought a scroll of enchant armour for 120 gold pieces
 15599 | Orc:2    | Bought a book of Minor Magic for 320 gold pieces
 15602 | Orc:2    | Learned a level 2 spell: Blink
 16054 | Lair:2   | Reached skill level 1 in Translocations
 16086 | Lair:2   | Received a gift from Okawaru
 16289 | Lair:2   | Reached skill level 10 in Invocations
 17148 | Lair:3   | Found a hole to the Spider Nest.
 17531 | Lair:4   | Found a dark tunnel.
 17579 | Volcano  | Entered a volcano
 17864 | Lair:4   | Received a gift from Okawaru
 17915 | Lair:4   | Found a staircase to the Swamp.
 18742 | Lair:5   | Noticed jazmu's ghost (journeyman TeBe)
 18768 | Lair:5   | Killed jazmu's ghost
 18937 | Lair:5   | Found a staircase to the Slime Pits.
 18979 | Lair:5   | Reached XP level 15. HP: 145/145 MP: 22/22
 19134 | Lair:5   | You fall through a shaft!
 19134 | Lair:6   | Entered Level 6 of the Lair of Beasts
 19193 | Lair:6   | Reached skill level 10 in Dodging
 19452 | Lair:6   | Reached skill level 5 in Translocations
 19502 | Lair:6   | Noticed Kirke
 19520 | Lair:6   | Killed Kirke
 19801 | Lair:6   | Received a gift from Okawaru
 19944 | Lair:6   | Found a runed door.
 20321 | Lair:6   | Received a gift from Okawaru
 20805 | Spider:1 | Entered Level 1 of the Spider Nest
 21074 | Spider:1 | Reached XP level 16. HP: 136/152 MP: 24/24
 21175 | Spider:1 | Received a gift from Okawaru
 21200 | Spider:1 | Got a fine executioner's axe {god gift}
 21201 | Spider:1 | Identified the +9 executioner's axe "Balu" {protect, rN+ Int+7 Dex+3 Stlth-} (Okawaru gifted it to you on level 1 of the Spider Nest)
 21757 | D:15     | Entered Level 15 of the Dungeon
 21766 | D:15     | Found Siuxtua's Antique Armour Shoppe.
 21769 | D:15     | Bought a scorched ring mail for 387 gold pieces
 21779 | D:15     | Identified the +3 ring mail of the Hundredfold Souls {*Drain +Inv rN+++ Str+8} (You bought it in a shop on level 15 of the Dungeon)
 21996 | D:15     | Gained mutation: You possess an exceptional clarity of mind. [potion of beneficial mutation]
 22094 | D:15     | Noticed Rupert
 22103 | D:15     | Killed Rupert
 22656 | D:15     | Found a staircase to the Depths.
 22959 | Swamp:1  | Entered Level 1 of the Swamp
 22966 | Swamp:1  | Received a gift from Okawaru
 22970 | Swamp:1  | Noticed a thorn hunter
 22984 | Swamp:1  | Killed a thorn hunter
 22984 | Swamp:1  | Reached skill level 17 in Axes
 23711 | Swamp:1  | Reached skill level 10 in Armour
 24169 | Swamp:1  | Noticed Frances
 24200 | Swamp:1  | Killed Frances
 25338 | Swamp:3  | Noticed Nikola
 25586 | Swamp:3  | Killed from afar by Nikola

Skill      XL: |  1  2  3  4  5  6  7  8  9 10 11 12 13 14 15 16 |
---------------+-------------------------------------------------+-----
Armour         | 1 2 3 4 6 11 | 11.2
Axes           | 4 5 6 7 8 10 12 14 16 17 | 17.9
Fighting       | 4 5 6 7 8 10 12 14 16 | 16.5
Shields        | 1 6 9 10 12 | 12.4
Invocations    | 2 4 6 8 10 12 | 12.4
Dodging        | 5 9 11 | 11.6
Translocations | 4 6 |  6.4
Stealth        | |  1.6

Action                   |  1- 3 |  4- 6 |  7- 9 | 10-12 | 13-15 | 16-18 || total
-------------------------+-------+-------+-------+-------+-------+-------++-------
Melee: Hand axe          |    73 |   234 |       |       |       |       ||   307
       Headbutt          |    15 |    52 |    49 |   136 |   395 |   103 ||   750
       Battleaxe         |       |       |   265 |    62 |       |       ||   327
       War axe           |       |       |       |   592 |   174 |       ||   766
       Broad axe         |       |       |       |    27 |  1313 |    75 ||  1415
       Executioner's axe |       |       |       |       |       |   296 ||   296
Throw: Throwing net      |       |       |       |     1 |       |       ||     1
 Cast: Blink             |       |       |       |       |     4 |     5 ||     9
Invok: Heroism           |       |       |     2 |    10 |    15 |     4 ||    31
       Finesse           |       |       |       |       |     1 |       ||     1
Evoke: Wand              |       |       |       |       |     9 |     2 ||    11
  Use: Scroll            |     3 |    13 |     5 |    17 |    20 |     2 ||    60
       Potion            |       |     3 |     6 |     4 |     5 |     2 ||    20
 Stab: Distracted        |       |       |     1 |       |     5 |     1 ||     7
       Held in net/web   |       |       |       |     1 |       |     3 ||     4
       Sleeping          |       |       |       |    12 |    18 |     3 ||    33
       Invisible         |       |       |       |       |    15 |       ||    15
  Eat: Chunk             |       |     4 |     7 |    12 |    12 |     6 ||    41
       Beef jerky        |       |     2 |       |     1 |     1 |       ||     4
       Bread ration      |       |       |     1 |     2 |       |       ||     3
       Fruit             |       |       |       |     6 |    26 |     7 ||    39
       Meat ration       |       |       |       |     1 |     2 |       ||     3
       Pizza             |       |       |       |     2 |     1 |     1 ||     4
       Royal jelly       |       |       |       |     1 |       |     1 ||     2
Armor: Chain mail        |    46 |    91 |   202 |   120 |       |       ||   459
       Robe              |       |       |       |    94 |   269 |    24 ||   387
       Ring mail         |       |       |       |       |       |   177 ||   177
Dodge: Dodged            |    29 |    61 |   122 |   281 |   755 |   537 ||  1785
Block: Shield            |       |     2 |       |   355 |   957 |    70 ||  1384
